 Dungeon Crawl Stone Soup version 0.21.1-1-g345015f (console) character file.

2319 fly the Spear-Bearer (level 9, 0/89 HPs)
             Began as an Ogre Berserker on May 12, 2018.
             Was a Priest of Trog.
             Slain by a bullfrog (3 damage)
             ... on level 8 of the Dungeon.
             The game lasted 00:15:43 (6376 turns).

fly the Spear-Bearer (Ogre Berserker)               Turns: 6376, Time: 00:15:44

Health: 0/89       AC:  3    Str: 23    XL:     9   Next: 41%
Magic:  9/9        EV: 12    Int:  8    God:    Trog [***...]
Gold:   531        SH:  0    Dex: 11    Spells: 8/8 levels left

rFire    . . .     SeeInvis .   a - +2 spear (flame)
rCold    . . .     Gourm    .   (no shield)
rNeg     . . .     Faith    .   y - +0 animal skin
rPois    .         Spirit   .   (helmet restricted)
rElec    .         Reflect  .   (no cloak)
rCorr    +         Harm     +   (gloves unavailable)
MR       .....                  (boots unavailable)
Stlth    +.........             s - amulet of harm
HPRegen  0.24/turn              f - ring of resist corrosion
MPRegen  0.11/turn              (no ring)

@: fainting
A: large, unfitting armour, tough skin 1
a: Berserk, Trog's Hand, Burn Spellbooks, Renounce Religion


You were on level 8 of the Dungeon.
You worshipped Trog.
Trog was most pleased with you.
You were fainting.

You visited 1 branch of the dungeon, and saw 8 of its levels.

You collected 531 gold pieces.

Inventory:

Hand Weapons
 a - a +2 spear of flaming (weapon)
Armour
 y - a +0 animal skin (worn)
Jewellery
 f - a ring of resist corrosion (left hand)
 p - a +2 amulet of reflection
 s - an amulet of harm (around neck)
 t - an uncursed ring of ice
 u - an uncursed amulet of guardian spirit
Wands
 h - a wand of digging (21)
 z - a wand of acid (8)
Scrolls
 e - a scroll of blinking {unknown}
 g - 2 scrolls of random uselessness {unknown}
 i - 3 scrolls of remove curse
 j - 2 scrolls of immolation {unknown}
 k - 4 scrolls of noise {unknown}
 m - 5 scrolls of magic mapping {unknown}
 q - a scroll of amnesia {unknown}
 v - 2 scrolls of enchant armour {unknown}
 w - a scroll of enchant weapon {unknown}
 x - a scroll of teleportation {unknown}
Potions
 b - a potion of heal wounds
 d - a potion of curing
 l - a potion of agility
 n - 2 potions of resistance
 o - 2 potions of degeneration
 r - a potion of haste {unknown}
Comestibles
 c - 18 rations


   Skills:
 - Level 6.0 Fighting
 + Level 10.6 Polearms
 - Level 6.0 Dodging


You had 8 spell levels left.
You didn't know any spells.

Dungeon Overview and Level Annotations

Branches:
Dungeon (8/15)             Temple (0/1) D:7
   Lair: D:8-11

Altars:
Elyvilon
Kikubaaqudgha
Okawaru
Ru

Shops:
D:4 [   D:5 [   D:6 :


Innate Abilities, Weirdness & Mutations

You are too large for most types of armour.
You have tough skin. (AC +1)


Message History

The orc priest hits you but does no damage.
The orc hits you from afar with a trident!
* * * LOW HITPOINT WARNING * * *
The orc wizard hits you but does no damage.
The bullfrog hits you.
* * * LOW HITPOINT WARNING * * *
The orc priest calls upon Beogh to heal the orc wizard.
The orc wizard is healed somewhat.
The orc hits you from afar with a trident.
* * * LOW HITPOINT WARNING * * *
The bullfrog hits you but does no damage.
The orc wizard hits you but does no damage.
You can move again.
The bullfrog completely misses you.
The orc priest looks encouraged for a moment.
Found a falchion.
The bullfrog barely misses you.
The orc wizard begins to cast a cantrip, but forgets the words!
The bullfrog hits you.
You die...

#.......#.#
..........#
..........##
#(... )...
##...#...
.....#.#
#.###.#.#.##.#.#
......(.F@.....#
.###o#o#+##.###
.###.#....#.###
#.......<.......
#####........###
#.........#
...........+
###.........#
##.......##


You could see a bullfrog, an orc priest and an orc wizard.

Vanquished Creatures
  The ghost of joejoepie the Shield-Bearer, an amateur DDFi (D:4)
  A wyvern (D:6)
  An orc warrior (D:6)
  A sky beast (D:6)
  An ice beast (D:7)
  4 ogres
  3 centaurs
  3 bullfrogs
  A lava snake (D:7)
  A crimson imp (D:6)
  2 jellies (D:7)
  A hound (D:6)
  3 orc priests
  7 orc wizards
  A centaur skeleton (D:4)
  An iguana (D:6)
  5 worker ants
  A hound skeleton (D:4)
  A howler monkey skeleton (D:5)
  8 adders
  5 gnolls
  A shadow imp (D:7)
  4 worms
  A dart slug (D:3)
  4 leopard geckos
  27 orcs
  3 ball pythons
  10 bats
  3 giant cockroaches
  7 goblins
  9 hobgoblins
  13 jackals
  7 quokkas
  3 frilled lizards
  8 kobolds
  A leopard gecko skeleton (D:4)
  A leopard gecko zombie (D:6)
  3 rats (D:1)
157 creatures vanquished.

Notes
Turn   | Place    | Note
-------+----------+-------------------------------------------
     0 | D:1      | fly the Ogre Berserker began the quest for the Orb.
     0 | D:1      | Reached XP level 1. HP: 24/24 MP: 1/1
   274 | D:1      | Reached XP level 2. HP: 32/32 MP: 2/2
   521 | D:1      | Reached XP level 3. HP: 39/40 MP: 3/3
  1262 | D:2      | Reached XP level 4. HP: 49/49 MP: 2/4
  1265 | D:2      | Reached ** piety under Trog
  1302 | D:2      | Found an iron altar of Okawaru.
  1947 | D:3      | Reached XP level 5. HP: 55/55 MP: 5/5
  2024 | D:3      | Reached skill level 5 in Fighting
  2071 | D:3      | Found a sacrificial altar of Ru.
  2332 | D:4      | Noticed an ogre
  2388 | D:4      | Killed an ogre
  2388 | D:4      | Reached skill level 4 in Polearms
  2388 | D:4      | Reached XP level 6. HP: 66/66 MP: 4/6
  2422 | D:4      | Reached *** piety under Trog
  2518 | D:4      | Reached skill level 5 in Dodging
  2664 | D:4      | Noticed joejoepie's ghost (amateur DDFi)
  2831 | D:4      | Reached XP level 7. HP: 75/75 MP: 4/7
  2892 | D:4      | Reached skill level 5 in Polearms
  3175 | D:5      | Entered Level 5 of the Dungeon
  3234 | D:5      | Found Orghuc's Armour Boutique.
  3732 | D:5      | Found an ancient bone altar of Kikubaaqudgha.
  3811 | D:5      | Reached skill level 6 in Polearms
  4030 | D:6      | Reached XP level 8. HP: 42/83 MP: 8/8
  4135 | D:6      | Reached skill level 7 in Polearms
  4136 | D:6      | Received a gift from Trog
  4217 | D:6      | HP: 5/124 [sky beast (6)]
  4801 | D:6      | Found Wiocef's Book Emporium.
  4821 | D:6      | Reached skill level 8 in Polearms
  4888 | D:6      | Found a white marble altar of Elyvilon.
  5009 | D:6      | Noticed a wyvern
  5030 | D:6      | Killed a wyvern
  5267 | D:4      | Killed joejoepie's ghost
  5267 | D:4      | Reached skill level 9 in Polearms
  5267 | D:4      | Reached XP level 9. HP: 89/89 MP: 9/9
  5277 | D:4      | Found Takhloa's Antique Armour Boutique.
  5411 | D:7      | Reached skill level 10 in Polearms
  5597 | D:7      | Found a staircase to the Ecumenical Temple.
  6363 | D:8      | Paralysed by fainting for 9 turns
  6372 | D:8      | HP: 2/89 [orc/trident (3)]
  6376 | D:8      | Slain by a bullfrog

Skill      XL: |  1  2  3  4  5  6  7  8  9 |
---------------+----------------------------+-----
Dodging        | 3 4 5 6 |  6.0
Fighting       | 5 6 |  6.0
Polearms       | 4 6 9 10 | 10.6

Action                   |  1- 3 |  4- 6 |  7- 9 || total
-------------------------+-------+-------+-------++-------
Melee: Spear             |   123 |   246 |   327 ||   696
       Trident           |       |       |    63 ||    63
Invok: Berserk           |     2 |     7 |     9 ||    18
       Trog's Hand       |       |     2 |     5 ||     7
Evoke: Wand              |       |     2 |       ||     2
  Use: Scroll            |       |       |     7 ||     7
 Stab: Sleeping          |       |     4 |       ||     4
       Paralysed         |       |     1 |       ||     1
  Eat: Chunk             |     2 |    13 |    16 ||    31
       Ration            |       |       |     1 ||     1
Armor: Animal skin       |    35 |    37 |    29 ||   101
Dodge: Dodged            |    72 |   140 |   148 ||   360
Block: Other             |       |       |     9 ||     9
